 Dungeon Crawl Stone Soup version 0.24-a0-640-ge7cd8ce796 (webtiles) character file.

Game seed: 2753009753619070380, levelgen mode: deterministic

889 Gynju the Magician (level 8, -1/60 HPs)
             Began as a Gnoll Wanderer on Sept 25, 2019.
             Was an Initiate of Okawaru.
             Slain by a troll (4 damage)
             ... on level 5 of the Dungeon.
             The game lasted 00:14:39 (8195 turns).

Gynju the Magician (Gnoll Wanderer)                 Turns: 8195, Time: 00:14:39

Health: -1/60      AC: 12    Str: 15    XL:     8   Next: 6%
Magic:  16/16      EV:  3    Int: 15    God:    Okawaru [......]
Gold:   197        SH:  9    Dex: 16    Spells: 17/18 levels left

rFire    . . .     SeeInvis .   a - +3 mace
rCold    . . .     Gourm    .   D - +0 shield
rNeg     + . .     Faith    .   A - +1 plate armour
rPois    .         Spirit   .   (no helmet)
rElec    .         Reflect  .   (no cloak)
rCorr    .         Harm     .   (no gloves)
MR       .....                  (no boots)
Stlth    ..........             (no amulet)
HPRegen  0.20/turn              q - ring of positive energy
MPRegen  0.15/turn              (no ring)

@: no status effects
A: distributed training, fangs 1, strong nose
a: Renounce Religion


You were on level 5 of the Dungeon.
You worshipped Okawaru.
Okawaru was noncommittal.
You were near starving.

You visited 2 branches of the dungeon, and saw 6 of its levels.

You collected 197 gold pieces.

Inventory:

Hand Weapons
 a - a +3 mace (weapon)
 b - a +0 arbalest
Missiles
 m - 42 stones (quivered)
 z - 104 bolts
Armour
 A - a +1 plate armour (worn)
 D - a +0 shield (worn)
Jewellery
 q - a ring of positive energy (left hand)
Wands
 g - a wand of random effects (23)
 w - a wand of paralysis (9)
Scrolls
 e - 2 scrolls of magic mapping
 l - a scroll of enchant weapon
 p - a scroll of teleportation
 r - a scroll of fog
 B - a scroll of amnesia
Potions
 i - 2 potions of flight
 k - a potion of heal wounds
 o - a potion of berserk rage {unknown}
 s - 2 potions of lignification
 v - 2 potions of brilliance
 x - a potion of degeneration {unknown}
 y - 5 potions of curing {@q1}
Comestibles
 f - 6 rations


   Skills:
 + Level 3.9 Fighting
 + Level 2.8 Short Blades
 + Level 2.8 Long Blades
 + Level 2.8 Axes
 + Level 3.9 Maces & Flails
 + Level 2.8 Polearms
 + Level 2.8 Staves
 + Level 2.8 Slings
 + Level 2.8 Bows
 + Level 2.8 Crossbows
 + Level 3.9 Throwing
 + Level 3.9 Armour
 + Level 2.8 Dodging
 + Level 2.8 Stealth
 + Level 3.9 Shields
 + Level 2.8 Unarmed Combat
 + Level 5.8 Spellcasting
 + Level 2.3 Conjurations
 + Level 2.3 Hexes
 + Level 2.3 Charms
 + Level 4.5 Summonings
 + Level 2.3 Necromancy
 + Level 2.3 Translocations
 + Level 2.3 Transmutations
 + Level 2.3 Fire Magic
 + Level 2.3 Ice Magic
 + Level 3.2 Air Magic
 + Level 2.3 Earth Magic
 + Level 2.3 Poison Magic
 + Level 3.1 Invocations
 + Level 2.8 Evocations


You had 17 spell levels left.
You knew the following spells:

 Your Spells              Type           Power        Failure   Level  Hunger
a - Summon Small Mammal   Summ           ###.         100%        1    None

Your spell library contained the following spells:

 Spells                   Type           Power        Failure   Level  Hunger
 Animate Skeleton         Necr           N/A          100%        1    None
 Apportation              Tloc           ##....       100%        1    None
 Confusing Touch          Hex            ##....       100%        1    None
 Call Canine Familiar     Summ           ###.....     100%        3    ###....


Dungeon Overview and Level Annotations

Branches:
Dungeon (5/15)             Temple (1/1) D:5

Altars:
Ashenzari
Cheibriados
Dithmenos
Elyvilon
Fedhas
Gozag
Hepliaklqana
Kikubaaqudgha
Makhleb
Nemelex Xobeh
Okawaru
Qazlal
Ru
Sif Muna
Trog
Uskayaw
Wu Jian
Xom
Yredelemnul
Zin
The Shining One

Shops:
D:5 :

Annotations:
D:2 1 runed translucent door, Crazy Yiuf
D:3 3 runed translucent doors, Peloso's ghost, amateur MiFi; hitsuchi's ghost, amateur DrFE
D:4 1 runed translucent door, losten's ghost, amateur DsFi


Innate Abilities, Weirdness & Mutations

Your experience applies equally to all skills.
You have very sharp teeth.
Your uncanny sense of smell can sniff out nearby items.


Message History

* * * LOW HITPOINT WARNING * * *
You block the troll's attack.
You feel much better. The troll barely misses you. The troll claws you.
You block the troll's attack.
Your plate armour prevents you from hitting the troll.
The troll is heavily wounded.
The troll bites you!
* * * LOW HITPOINT WARNING * * *
You block the troll's attack. x2
You hit the troll. You bite the troll, but do no damage.
The troll is heavily wounded.
The troll bites you but does no damage. The troll claws you!
* * * LOW HITPOINT WARNING * * *
You block the troll's attack. The troll bites you but does no damage.
The troll completely misses you. You block the troll's attack.
You hit the troll.
The troll is heavily wounded.
You block the troll's attack. The troll claws you but does no damage.
The troll claws you.
You die...

#...##.........# #.
##.........##...
#.########........###[..
#................###....
#..#.#.#.#.#.....#.#....
#.......................
#..#.......#............
#...$...................
#.#...@T..#.##.........
#............#.....#...
#.#.......#........#...
#...........)......##..
#.#.#.#.#.#............
#............###.......
#.###.###..............
#. #.######.....#.....
.###.....###..........


You could see a troll.

Vanquished Creatures
  A sky beast (D:5)
  An ice beast (D:4)
  A phantom (D:5)
  A gnoll sergeant (D:5)
  A scorpion (D:4)
  2 hounds
  3 orc wizards
  A bullfrog skeleton (D:5)
  2 centaur skeletons
  An iguana (D:4)
  A worker ant (D:5)
  A hound zombie (D:3)
  A worker ant zombie (D:5)
  3 gnolls
  6 adders
  An ooze (D:1)
  4 worms
  A dart slug (D:4)
  10 orcs
  9 giant cockroaches
  7 goblins
  7 hobgoblins
  9 jackals
  10 kobolds
  2 quokkas (D:4)
  2 ball pythons
  7 bats
  7 frilled lizards
  12 rats
114 creatures vanquished.

Vanquished Creatures (collateral kills)
  A worm (D:2)
  2 orcs (D:4)
  A frilled lizard (D:1)
  2 kobolds (D:1)
  2 rats
8 creatures vanquished.

Vanquished Creatures (others)
  3 withered plants (D:3)
3 creatures vanquished.

Grand Total: 125 creatures vanquished

Notes
Turn   | Place    | Note
-------+----------+-------------------------------------------
     0 | D:1      | Gynju the Gnoll Wanderer began the quest for the Orb.
     0 | D:1      | Gynju set off with the following items: a +2 mace, a potion
                  | of curing {@q1}, a +0 robe, a ration; and the following
                  | spell memorised: Summon Small Mammal; and the following
                  | spells available to memorise: Call Canine Familiar
     0 | D:1      | Reached XP level 1. HP: 17/17 MP: 6/6
   269 | D:1      | Reached XP level 2. HP: 23/23 MP: 7/7
   828 | D:1      | Reached XP level 3. HP: 28/28 MP: 9/9
  1050 | D:1      | Reached skill level 5 in Spellcasting
  1271 | D:2      | Reached skill level 1 in Invocations
  1734 | D:2      | Reached skill level 1 in Short Blades
  1734 | D:2      | Reached skill level 1 in Long Blades
  1734 | D:2      | Reached skill level 1 in Axes
  1734 | D:2      | Reached skill level 1 in Polearms
  1734 | D:2      | Reached skill level 1 in Staves
  1734 | D:2      | Reached skill level 1 in Slings
  1734 | D:2      | Reached skill level 1 in Bows
  1734 | D:2      | Reached skill level 1 in Crossbows
  1734 | D:2      | Reached skill level 1 in Dodging
  1734 | D:2      | Reached skill level 1 in Stealth
  1734 | D:2      | Reached skill level 1 in Unarmed Combat
  1734 | D:2      | Reached skill level 1 in Evocations
  1758 | D:2      | Reached XP level 4. HP: 34/34 MP: 11/11
  2141 | D:2      | Found a runed translucent door.
  2142 | D:2      | Noticed Crazy Yiuf
  2514 | D:2      | Reached skill level 1 in Conjurations
  2514 | D:2      | Reached skill level 1 in Hexes
  2514 | D:2      | Reached skill level 1 in Charms
  2514 | D:2      | Reached skill level 1 in Necromancy
  2514 | D:2      | Reached skill level 1 in Translocations
  2514 | D:2      | Reached skill level 1 in Transmutations
  2514 | D:2      | Reached skill level 1 in Fire Magic
  2514 | D:2      | Reached skill level 1 in Ice Magic
  2514 | D:2      | Reached skill level 1 in Earth Magic
  2514 | D:2      | Reached skill level 1 in Poison Magic
  2861 | D:2      | Reached XP level 5. HP: 21/40 MP: 12/12
  3111 | D:3      | Found a runed translucent gate.
  3111 | D:3      | Found a runed translucent gate.
  3111 | D:3      | Found a runed translucent gate.
  3524 | D:3      | Noticed hitsuchi's ghost (amateur DrFE)
  3525 | D:3      | Noticed Peloso's ghost (amateur MiFi)
  4325 | D:4      | Reached XP level 6. HP: 27/47 MP: 13/13
  6087 | D:4      | Found a runed translucent door.
  6096 | D:4      | Noticed losten's ghost (amateur DsFi)
  6333 | D:5      | Entered Level 5 of the Dungeon
  6333 | D:5      | Found Guudgh's Book Boutique.
  6333 | D:5      | Noticed an ice beast
  6360 | D:4      | Killed an ice beast
  6360 | D:4      | Reached XP level 7. HP: 35/52 MP: 15/15
  7678 | D:5      | Reached XP level 8. HP: 50/60 MP: 16/16
  7835 | D:5      | Noticed a troll
  7836 | D:5      | Found a staircase to the Ecumenical Temple.
  7856 | Temple   | Entered the Ecumenical Temple
  8091 | Temple   | Became a worshipper of Warmaster Okawaru
  8191 | D:5      | HP: 2/60 [troll (8)]
  8195 | D:5      | Slain by a troll

Levels and vault maps discovered:
D:1:      minmay_arrival_jagged, layout_basic
D:2:      layout_basic, uniq_crazy_yiuf_cottage
D:3:      layout_basic, first_ration, gammafunk_ghost_cemetery,
          kennysheep_generic_room_11
D:4:      layout_loops_ring, ebering_ghost_reflecting_pool
D:5:      layout_cave_pools, minmay_temple_entry_glass, serial_shops, shop
Temple:   kilobyte_greek_temple

Skill      XL: |  1  2  3  4  5  6  7 |
---------------+----------------------+-----
Air Magic      | 2 3 |  3.2
Spellcasting   | 5 |  5.8
Invocations    | 1 2 3 |  3.1
Short Blades   | 1 2 |  2.8
Long Blades    | 1 2 |  2.8
Axes           | 1 2 |  2.8
Polearms       | 1 2 |  2.8
Staves         | 1 2 |  2.8
Slings         | 1 2 |  2.8
Bows           | 1 2 |  2.8
Crossbows      | 1 2 |  2.8
Dodging        | 1 2 |  2.8
Stealth        | 1 2 |  2.8
Unarmed Combat | 1 2 |  2.8
Evocations     | 1 2 |  2.8
Conjurations   | 1 2 |  2.3
Hexes          | 1 2 |  2.3
Charms         | 1 2 |  2.3
Necromancy     | 1 2 |  2.3
Translocations | 1 2 |  2.3
Transmutations | 1 2 |  2.3
Fire Magic     | 1 2 |  2.3
Ice Magic      | 1 2 |  2.3
Earth Magic    | 1 2 |  2.3
Poison Magic   | 1 2 |  2.3
Fighting       | 3 |  3.9
Maces & Flails | 3 |  3.9
Throwing       | 3 |  3.9
Armour         | 3 |  3.9
Shields        | 3 |  3.9
Summonings     | 4 |  4.5

Action                   |  1- 3 |  4- 6 |  7- 9 || total
-------------------------+-------+-------+-------++-------
Melee: Mace              |    81 |    98 |   107 ||   286
       Bite              |     6 |    22 |    17 ||    45
       Scythe            |    14 |   118 |       ||   132
       Punch             |       |       |     1 ||     1
 Fire: Arbalest          |       |     9 |    17 ||    26
 Cast: Summon Small Mamm |     8 |    18 |       ||    26
  Use: Scroll            |       |       |    16 ||    16
       Potion            |       |       |     1 ||     1
 Stab: Sleeping          |     1 |     2 |       ||     3
       Distracted        |       |     1 |       ||     1
  Eat: Chunk             |     3 |    14 |     5 ||    22
Armor: Robe              |     9 |       |       ||     9
       Ring mail         |    21 |    78 |       ||    99
       Plate armour      |       |    14 |   124 ||   138
Dodge: Dodged            |    58 |   147 |    45 ||   250
Block: Shield            |       |       |    38 ||    38

Table legend:
 A = Non-vault XP
 B = Vault XP
 C = Vault XP percentage of total XP
 D = Non-vault monster count
 E = Vault monster count
 F = Vault count percentage of total count
                 A         B        C        D         E       F
            +---------+---------+-------+---------+---------+-------
      Total |    1270 |       0 |   0.0 |     122 |       0 |   0.0
            +---------+---------+-------+---------+---------+-------
        D:1 |      49 |       0 |   0.0 |      30 |       0 |   0.0
        D:2 |     134 |       0 |   0.0 |      30 |       0 |   0.0
        D:3 |      85 |       0 |   0.0 |      21 |       0 |   0.0
        D:4 |     473 |       0 |   0.0 |      27 |       0 |   0.0
        D:5 |     487 |       0 |   0.0 |      13 |       0 |   0.0
     Temple |      42 |       0 |   0.0 |       1 |       0 |   0.0
            +---------+---------+-------+---------+---------+-------
